Map: Oxide LE

Players

A.I. 1 (Very Easy)

  • Race: Terran Terran
  • Spawn Location: 7:00

Drift - Winner!

  • Race: Terran Terran
  • League: Master
  • Spawn Location: 1:00

VOD

https://youtu.be/uVgJOTR9yRU

Description

Time

  • Played on: Feb. 13, 2021, 5:22 p.m.
  • Length: 7:51
Show
View Real Time Build Order
Export as new Build Order

A.I. 1 (Very Easy) Terran 

Build Orders:  

Get SALT Encoding   

  6  0:00  SCV  
  13  0:13  SCV  
  14  0:18  Supply Depot  
  14  0:37  Refinery  
  14  0:43  Barracks  
  14  1:03  Supply Depot  
  14  1:12  Refinery  
  14  1:28  SCV  
  14  1:29  Marine  
  16  1:41  SCV  
  17  1:53  SCV  
  18  2:01  Marine  
  18  2:05  SCV  
  20  2:17  SCV  
  21  2:29  SCV  
  22  2:33  Marine  
  23  2:41  Orbital Command  
  23  5:20  SCV  
  23  5:48  SCV  
  23  5:49  Marine  
  25  5:50  Supply Depot  
  25  5:51  Factory  
  25  6:11  SCV  
  25  6:15  Supply Depot  
  26  6:21  Barracks Tech Lab  
  26  6:23  SCV  
  27  6:35  SCV  
  27  6:37  Starport  
  27  6:39  Marine  
  28  6:44  Command Center  
  26  6:48  SCV  
  27  7:01  SCV  
  29  7:08  Hellion  
  29  7:14  Starport Tech Lab, SCV  
  22  7:26  SCV  
Show
View Real Time Build Order
Export as new Build Order

Drift Terran - Winner!

Build Orders: Reaper Expand 

Get SALT Encoding   

  6  0:00  SCV  
  13  0:12  SCV  
  14  0:17  Supply Depot  
  14  0:24  SCV  
  15  0:38  SCV  
  15  0:39  Barracks  
  16  0:43  Refinery  
  16  0:51  SCV  
  17  1:03  SCV  
  18  1:15  SCV  
  19  1:26  Reaper  
  19  1:27  Orbital Command  
  20  1:41  Command Center  
  20  1:53  Supply Depot, SCV  
  21  1:58  Marine  
  22  2:05  SCV  
  23  2:09  Factory  
  23  2:17  SCV  
  23  2:19  Bunker  
  23  2:22  Barracks Reactor  
  24  2:29  Refinery, SCV  
  25  2:42  SCV  
  26  2:55  Starport, Hellion  
  26  2:56  SCV  
  29  2:58  Marine x2  
  29  3:03  Orbital Command  
  31  3:08  SCV  
  32  3:18  Factory Tech Lab  
  32  3:19  Marine x2  
  34  3:20  SCV  
  35  3:29  SCV  
  35  3:33  Refinery, Starport Tech Lab, SCV  
  37  3:34  Supply Depot  
  37  3:39  Siege Tank  
  40  3:41  SCV  
  40  3:43  Marine  
  40  3:45  Marine  
  43  3:48  SCV  
  43  3:54  SCV  
  45  3:57  Refinery  
  45  3:58  Supply Depot  
  45  4:00  SCV  
  45  4:01  Raven  
  48  4:06  SCV, Marine  
  48  4:08  Marine  
  51  4:15  SCV  
  52  4:20  Supply Depot, Siege Tank  
  52  4:21  SCV  
  56  4:27  SCV, Marine x2  
  59  4:33  SCV  
  59  4:35  Supply Depot  
  60  4:40  SCV  
  61  4:49  SCV  
  62  4:53  Supply Depot  
  62  4:54  Siege Tank  
  62  4:56  Viking  
  62  4:59  SCV  
  68  5:02  Viking  
  68  5:03  SCV  
  68  5:05  Stimpack  
  71  5:11  SCV  
  72  5:15  Supply Depot, SCV  
  73  5:23  SCV  
  73  5:27  SCV  
  75  5:30  Supply Depot, Barracks x2, Siege Tank  
  75  5:33  Viking  
  80  5:37  Viking  
  80  5:38  SCV  
  80  5:42  SCV  
  84  5:50  SCV  
  84  5:54  Marine  
  84  5:55  SCV  
  87  5:58  Supply Depot x2  
  84  6:05  Siege Tank  
  84  6:07  Viking x2  
  91  6:12  Marine  
  91  6:17  Barracks Reactor x2  
  92  6:20  Supply Depot x2  
  92  6:22  Engineering Bay  
  92  6:25  Engineering Bay  
  92  6:34  Marine  
  92  6:35  SCV  
  92  6:36  SCV, Command Center  
  92  6:37  Viking  
  95  6:41  Siege Tank  
  95  6:45  Liberator  
  101  6:48  SCV  
  101  6:52  Marine  
  101  6:53  Marine x2  
  101  6:54  Marine  
  106  6:57  SCV  
  106  7:00  Marine  
  108  7:04  Supply Depot  
  108  7:05  Supply Depot  
  108  7:10  Marine x2  
  110  7:20  Marine x3  
  113  7:25  Barracks, SCV x2  
  113  7:27  Barracks, Marine  
  113  7:28  Marine  
  124  7:37  SCV  
  124  7:42  Armory  
Tags
 
League
Master
Matchup
TvT
Race
Terran
Spawn Locations
Cross Positions
Add a new tag
Caveats
  • Supply blocks, unpowered buildings, or Contaminate may cause inaccurate times.
  • Supply counts are checked every 10 seconds.